[Event "*** SCC Grand Prix: Titled Tuesday Blitz"]
[Site "Chess.com"]
[Date "2020.10.06"]
[Round "1"]
[White "pfalcon1949"]
[Black "GM_LOADING"]
[Result "0-1"]
[WhiteElo "2018"]
[BlackElo "2493"]
[TimeControl "180+1"]
[EndTime "10:06:51 PDT"]
[Termination "GM_LOADING won by checkmate"]

1. c4 e6 2. e4 c5 3. Nc3 Nc6 4. g3 g6 5. Bg2 Bg7 6. Nge2 Nge7 7. O-O O-O 8. d3 d6 9. a3 Rb8 10. Rb1 a6 11. b4 cxb4 12. axb4 b5 13. cxb5 axb5 14.
d4 Qb6 15. Be3 Qb7 16. f4 d5 17. e5 Bd7 18. Qd2 Ra8 19. Nd1 Ra4 20. Nf2 Rfa8 21.
Nd3 Ra2 22. Qe1 Be8 23. Nc5 Qa7 24. Nc3 Rc2 25. Nxb5 Qa2 26. Rf2 Rxf2 27. Bxf2 Nxe5 28. dxe5 Bxb5 29. Bf1 Bxf1 30. Qxf1 Bf8 31. Bd4 Qc4 32. Qxc4 dxc4 33. b5 Nf5 34. Bf2 c3 35. b6 Rb8 36.
b7 Bxc5 37. Rc1 Bxf2+ 38. Kxf2 Rxb7 39. Rxc3 h5 40. Rc2 Rb3 41. Kg2 Ne3+ 42. Kh3 Nxc2 43.
Kh4 Nd4 44. Kg5 Rb2 45. Kf6 Rxh2 46. Ke7 Kg7 47. Kd6 Nf5+ 48. Kd7 h4 49. Kc6 hxg3 50.
Kc5 g2 51. Kc4 g1=Q 52. Kc3 Qe3+ 53. Kb4 Rc2 54. Kb5 Qb3+ 55. Ka6 Ra2# 0-1

[Event "*** SCC Grand Prix: Titled Tuesday Blitz"]
[Site "Chess.com"]
[Date "2020.10.06"]
[Round "1"]
[White "anasta10"]
[Black "MoreChessJulia"]
[Result "1-0"]
[WhiteElo "2485"]
[BlackElo "1941"]
[TimeControl "180+1"]
[EndTime "10:06:51 PDT"]
[Termination "anasta10 won on time"]

1. d4 g6 2. Nf3 Bg7 3. c4 c5 4. d5 d6 5. Nc3 Bg4 6. e4 Nd7 7. Be2 Ngf6 8. O-O O-O 9. h3 Bxf3 10.
Bxf3 Ne5 11. Be2 e6 12. f4 Ned7 13. Bf3 e5 14. f5 h6 15. Rb1 a6 16. a3 gxf5 17.
exf5 Re8 18. g4 e4 19. Bg2 Ne5 20. Qe2 Nd3 21. b4 cxb4 22. axb4 Rc8 23. Qa2 e3 24. Ne2 Nxc1 25. Rbxc1 Ne4 26. Rf4 Nd2 27. c5 Be5 28. Rf3 Nxf3+ 29. Bxf3 Qh4 30. Bg2 Qf2+ 31. Kh1 Kg7 32.
Rf1 Qh4 33. Qc2 f6 34. c6 b5 35. Qa2 h5 36. gxh5 Qxh5 37. Ng1 Bd4 38. Nf3 1-0

[Event "*** SCC Grand Prix: Titled Tuesday Blitz"]
[Site "Chess.com"]
[Date "2020.10.06"]
[Round "1"]
[White "venus02"]
[Black "zurzan"]
[Result "1-0"]
[WhiteElo "2481"]
[BlackElo "1919"]
[TimeControl "180+1"]
[EndTime "10:06:51 PDT"]
[Termination "venus02 won by resignation"]

1. e4 Nf6 2. e5 Nd5 3. d4 d6 4.
Nf3 g6 5. Bc4 Nb6 6. Bb3 Bg7 7.
Qe2 O-O 8. O-O d5 9. h3 e6 10.
Re1 Bd7 11. Nbd2 a6 12. a4 Nc6 13. c3 Na5 14. Bc2 Nac4 15. Nxc4 Nxc4 16. b3 Nb6 17. Bg5 f6 18. exf6 Bxf6 19. Bxf6 Qxf6 20. Ne5 Be8 21. Qe3 Nd7 22. Ng4 Qg7 23. Qxe6+ Kh8 24. Qe3 Nf6 25.
Ne5 Nh5 26. g3 Bd7 27. h4 Bf5 28. Bd1 Nf6 29. f3 h6 30. Be2 g5 31. hxg5 hxg5 32. g4 Bc2 33. Bd1 Bxd1 34. Raxd1 Qh6 35. Rd2 Nh7 36. Rh2 Qf6 37. Kg2 Rg8 38. Reh1 Rg7 39. Rh6 Qf7 40. Nxf7+ Rxf7 41. Qe5+ Kg8 42. Rg6+ Kf8 43.
Qh8+ Ke7 44. Qxa8 1-0

[Event "*** SCC Grand Prix: Titled Tuesday Blitz"]
[Site "Chess.com"]
[Date "2020.10.06"]
[Round "1"]
[White "xamax2000"]
[Black "Fischerev7"]
[Result "1-0"]
[WhiteElo "2667"]
[BlackElo "2344"]
[TimeControl "180+1"]
[EndTime "10:06:53 PDT"]
[Termination "xamax2000 won on time"]

1. d4 Nf6 2. c4 e6 3. g3 Bb4+ 4.
Bd2 a5 5. Bg2 O-O 6. e4 d5 7. e5 Ne8 8. cxd5 exd5 9. Nc3 c6 10.
Nge2 f6 11. f4 fxe5 12. dxe5 Bc5 13. Qc2 Bf5 14. Qb3 Qb6 15. Na4 Qxb3 16. axb3 Bb4 17. Nd4 Bd3 18. Nb6 Ra6 19. Bxb4 axb4 20. Kd2 Rxb6 21. Kxd3 Nd7 22. Rhc1 Nc7 23. Ra5 Kf7 24. Bh3 Ke7 25. Nf5+ Rxf5 26. Bxf5 g6 27. Bxd7 Kxd7 28. g4 Ke6 29. Kd4 Ra6 30. Rxa6 Nxa6 31. h4 c5+ 32.
Rxc5 Nxc5 33. Kxc5 h5 34. gxh5 gxh5 35. Kxb4 Kf5 36. Kc5 Ke4 37. e6 d4 38. e7 d3 39.
e8=Q+ Kxf4 40. Qxh5 d2 41. Qd1 1-0

[Event "*** SCC Grand Prix: Titled Tuesday Blitz"]
[Site "Chess.com"]
[Date "2020.10.06"]
[Round "1"]
[White "mitrabhaa"]
[Black "gmpeter008"]
[Result "1-0"]
[WhiteElo "2693"]
[BlackElo "2363"]
[TimeControl "180+1"]
[EndTime "10:06:54 PDT"]
[Termination "mitrabhaa won by resignation"]

1. Nf3 Nf6 2. b3 d5 3. Bb2 c5 4.
e3 Nc6 5. Bb5 g6 6. Ne5 Bd7 7.
Nxd7 Qxd7 8. O-O Bg7 9. d3 O-O 10. Nd2 Rac8 11. f4 Qe6 12. Re1 Qg4 13. Bxc6 Qxd1 14. Raxd1 Rxc6 15. Nf3 b5 16. Ra1 a5 17. a4 b4 18. Rad1 Rcc8 19. Ne5 Rfd8 20. h3 Nd7 21.
Nxd7 Bxb2 22. Ne5 Bc3 23. Rf1 Bxe5 24. fxe5 e6 25. Rf4 Rd7 26. Kf2 Rdc7 27. Ke2 c4 28. bxc4 dxc4 29. d4 Rb7 30. Rb1 b3 31. cxb3 Rxb3 32.
Rff1 Ra3 33. Ra1 Rb3 34. Ra2 c3 35. Rc2 Kg7 36. Kd3 Kh6 37. Rxf7 Kg5 38. Re7 Kf5 39. g4+ Kg5 40. Rxe6 Kh4 41. Rf6 Kxh3 42. e6 Kxg4 43. e7 Rb7 44. Rf8 Rbb8 45. Rf7 h5 46. d5 Rc5 47. e4 h4 48. d6 h3 49. d7 h2 50. Rh7 Rh5 51. Rxh5 1-0

[Event "*** SCC Grand Prix: Titled Tuesday Blitz"]
[Site "Chess.com"]
[Date "2020.10.06"]
[Round "1"]
[White "Inga83"]
[Black "TigrVShlyape"]
[Result "0-1"]
[WhiteElo "2430"]
[BlackElo "2827"]
[TimeControl "180+1"]
[EndTime "10:06:56 PDT"]
[Termination "TigrVShlyape won by resignation"]

1. d4 d5 2. c4 c6 3. Nc3 Nf6 4. Nf3 a6 5. e3 g6 6. b3 Bg7 7.
Bb2 O-O 8. Be2 b6 9. O-O Bb7 10. Rc1 e6 11. Na4 Nbd7 12. cxd5 exd5 13. Ba3 Re8 14. h3 Ne4 15. Bd3 a5 16. Re1 b5 17.
Nc5 Ndxc5 18. Bxc5 Nxc5 19. Rxc5 a4 20. b4 Bf8 21. Qc2 Bxc5 22. Qxc5 Qe7 23. Qc3 Qd6 24. Ne5 f6 25. Nf3 Bc8 26. Rc1 Bd7 27. a3 Kg7 28. Ne1 f5 29. Qd2 g5 30. Bb1 f4 31.
Nd3 fxe3 32. fxe3 Qg3 33. Ne5 Rxe5 34. dxe5 Qxe5 35. Qd3 Rh8 36. Rf1 Be6 37. Qd4 Qxd4 38. exd4 h5 39. Re1 Kf6 40. Re5 h4 41. Kf2 Rg8 42. Re3 g4 43. Rc3 Bd7 44. Bc2 g3+ 45.
Kf1 Re8 46. Bd1 Bf5 47. Rxc6+ Kg5 48. Be2 Re4 49. Bxb5 Rxd4 50. Bxa4 Rd2 51. b5 Bd3+ 52. Ke1 Rxg2 53. b6 Rb2 54. Rc8 g2 55. Rg8+ Bg6 0-1

[Event "*** SCC Grand Prix: Titled Tuesday Blitz"]
[Site "Chess.com"]
[Date "2020.10.06"]
[Round "1"]
[White "Zq1"]
[Black "Chamal_Gedgafov"]
[Result "1-0"]
[WhiteElo "2521"]
[BlackElo "2146"]
[TimeControl "180+1"]
[EndTime "10:06:56 PDT"]
[Termination "Zq1 won by resignation"]

1. d4 e6 2. c4 Nf6 3. Nc3 Bb4 4. e3 c5 5. Bd3 O-O 6. Ne2 d5 7. cxd5 Nxd5 8. a3 Ba5 9. O-O cxd4 10. exd4 Nxc3 11.
bxc3 Nc6 12. Bc2 Qh4 13. Qd3 e5 14. d5 Ne7 15. Ng3 Ng6 16. c4 Bb6 17. Be3 Bxe3 18. fxe3 b6 19. Rf2 Bd7 20. Raf1 Rac8 21. Bb3 Qe7 22. d6 Qe8 23. c5 Be6 24. Bxe6 Qxe6 25. Ne4 bxc5 26. Ng5 Qd7 27. Nxf7 Rxf7 28. Rxf7 Qxf7 29.
Rxf7 Kxf7 30. Qd5+ Kf8 31. h4 Rd8 32. h5 Nh8 33.
Qxc5 Nf7 34. Qxa7 Rxd6 35. Qc5 Ke7 36. a4 Ke6 37. a5 Rd5 38. Qc8+ Kf6 39. a6 Nd6 40.
Qc6 Rd1+ 41. Kh2 Ke6 42. a7 Ra1 43. a8=Q Rxa8 44. Qxa8 Kf5 45. Qg8 1-0

[Event "*** SCC Grand Prix: Titled Tuesday Blitz"]
[Site "Chess.com"]
[Date "2020.10.06"]
[Round "1"]
[White "GianmarcoVaR"]
[Black "LiemLe"]
[Result "0-1"]
[WhiteElo "2469"]
[BlackElo "2978"]
[TimeControl "180+1"]
[EndTime "10:06:57 PDT"]
[Termination "LiemLe won on time"]

1. d4 Nf6 2. c4 e6 3. g3 c5 4. d5 exd5 5. cxd5 d6 6. Nc3 g6 7. Nf3 Bg7 8. Bg2 O-O 9. O-O Re8 10. Bf4 Na6 11. a4 Ne4 12. Nxe4 Rxe4 13. Nd2 Rb4 14. a5 b5 15. axb6 Qxb6 16. Ne4 Bxb2 17. Nxd6 Bd7 18. Rb1 Bg7 19. Nc4 Qb5 20. Ne5 g5 21. Nxd7 gxf4 22. Bh3 Rd8 23. Qd3 Qxd3 24. exd3 fxg3 25. hxg3 Rd4 26.
Rb7 Rxd5 27. Rxa7 Nb4 28. Kg2 Nxd3 29. Rb1 c4 30. Rc7 c3 31. Rbb7 c2 0-1

[Event "*** SCC Grand Prix: Titled Tuesday Blitz"]
[Site "Chess.com"]
[Date "2020.10.06"]
[Round "1"]
[White "stanyga"]
[Black "GiorgianBarbosa"]
[Result "1-0"]
[WhiteElo "2632"]
[BlackElo "2314"]
[TimeControl "180+1"]
[EndTime "10:06:57 PDT"]
[Termination "stanyga won by resignation"]

1. e4 c6 2. d4 d5 3. e5 c5 4.
dxc5 e6 5. Be3 Nh6 6. c3 Qc7 7. Nf3 Nf5 8. Bd4 Bxc5 9. Bd3 Nxd4 10. cxd4 Bb4+ 11. Nbd2 Nc6 12. O-O O-O 13. Rc1 Qb6 14. Nb3 Bd7 15. Ng5 g6 16. Qg4 Be7 17. h4 a5 18. h5 h6 19. Nh7 g5 20. Nxf8 Rxf8 21. Nc5 Bxc5 22. Rxc5 Qxb2 23. Rd1 Kg7 24. Bb1 f5 25.
exf6+ Rxf6 26. Rc2 Qb6 27. Rcd2 Rf4 28. Qe2 Qd8 29. Qd3 Qf6 30. Qh7+ Kf8 31. Bg6 Qxg6 32. hxg6 1-0

[Event "*** SCC Grand Prix: Titled Tuesday Blitz"]
[Site "Chess.com"]
[Date "2020.10.06"]
[Round "1"]
[White "eljanov"]
[Black "banane_verte"]
[Result "1-0"]
[WhiteElo "2827"]
[BlackElo "2429"]
[TimeControl "180+1"]
[EndTime "10:06:58 PDT"]
[Termination "eljanov won by checkmate"]

1. e4 e6 2. d4 d5 3. e5 c5 4. c3 Nc6 5. Nf3 Bd7 6. Be2 f6 7. O-O fxe5 8. Nxe5 Nxe5 9. dxe5 Ne7 10. Nd2 Nc6 11. f4 Be7 12. Nf3 O-O 13. c4 d4 14. Bd3 Qe8 15. Bd2 Qh5 16. Qe2 Be8 17.
Rab1 Bg6 18. a3 a5 19. b3 Bxd3 20. Qxd3 Qf5 21. Qxf5 Rxf5 22. g4 Rff8 23. Kg2 Rfb8 24. a4 b6 25. h4 Rf8 26. h5 h6 27. Kg3 Rf7 28. Rbe1 Raf8 29. Re2 Kh7 30. Ne1 Bd8 31. Nd3 Bc7 32. Rff2 Kg8 33. Kf3 Kh7 34. Ke4 Ne7 35.
Rf3 g6 36. hxg6+ Kxg6 37. Rh2 Rh8 38. f5+ exf5+ 39. gxf5+ Rxf5 40. Rxf5 Nxf5 41. Rg2+ Kh5 42. Nf4+ Kh4 43. Kxf5 Rf8+ 44. Ke4 Re8 45. Be1# 1-0

[Event "*** SCC Grand Prix: Titled Tuesday Blitz"]
[Site "Chess.com"]
[Date "2020.10.06"]
[Round "1"]
[White "dyziotomi99"]
[Black "Duhless"]
[Result "0-1"]
[WhiteElo "2466"]
[BlackElo "2966"]
[TimeControl "180+1"]
[EndTime "10:06:59 PDT"]
[Termination "Duhless won by resignation"]

1. d4 Nf6 2. c4 e6 3. Nc3 Bb4 4. f3 d5 5. a3 Bd6 6. Bg5 c5 7. e3 cxd4 8. exd4 dxc4 9. Bxc4 O-O 10.
Nge2 Nc6 11. O-O Be7 12. Qd2 b6 13. Rad1 Bb7 14. Be3 Rc8 15. Bf2 Na5 16. Ba2 Nc4 17. Bxc4 Rxc4 18. Ng3 Nd5 19. Nge4 Qd7 20. Qd3 Rfc8 21.
Kh1 h6 22. Bg3 Nxc3 23. bxc3 Bxa3 24. Ra1 Bxe4 25. fxe4 Rxc3 26. Qd2 a5 27. d5 exd5 28. exd5 Bd6 29. Be1 R3c4 30. Qf2 Bc5 31. Qf3 Rd4 32. Bf2 Rxd5 33. Bxc5 Rcxc5 34. Rae1 Rc8 35. h3 a4 36. Qa3 Rdc5 37. Re3 b5 38. Ref3 f6 39.
Rg3 Qf7 40. Qe3 Kh8 41. Kh2 Rd5 42. Qe4 Rcd8 43. Qb4 Qc7 44. Rf3 Rg5 45. Kh1 Rxg3 46. Rxg3 Qxg3 0-1

[Event "*** SCC Grand Prix: Titled Tuesday Blitz"]
[Site "Chess.com"]
[Date "2020.10.06"]
[Round "1"]
[White "Thee-Chessboy"]
[Black "nrvisakh"]
[Result "0-1"]
[WhiteElo "2403"]
[BlackElo "2788"]
[TimeControl "180+1"]
[EndTime "10:06:59 PDT"]
[Termination "nrvisakh won by checkmate"]

1. d4 Nf6 2. c4 g6 3. Nf3 Bg7 4. g3 O-O 5. Bg2 d6 6. O-O Nc6 7. Nc3 a6 8. h3 Rb8 9. e3 b5 10. Nd2 Na5 11. cxb5 axb5 12. b4 Nc4 13. Nxc4 bxc4 14.
Rb1 d5 15. g4 c6 16. a4 h5 17. f3 Re8 18. b5 cxb5 19. Rxb5 Rxb5 20. axb5 e5 21.
g5 Nh7 22. h4 exd4 23. exd4 Bf5 24. f4 Bd3 25. Nxd5 Bxf1 26. Qxf1 Bxd4+ 27. Kh2 c3 28.
Qc4 Bg7 29. b6 Nf8 30. Nxc3 Qxb6 31. Nd5 Qf2 32. Qf1 Qxh4+ 33. Bh3 Re1 34. Qc4 Qf2+ 35.
Bg2 Bd4 36. Ba3 Qh4+ 37. Bh3 Rh1+ 38. Kg2 Qxh3# 0-1

[Event "*** SCC Grand Prix: Titled Tuesday Blitz"]
[Site "Chess.com"]
[Date "2020.10.06"]
[Round "1"]
[White "serena-maria"]
[Black "doons21"]
[Result "0-1"]
[WhiteElo "2290"]
[BlackElo "2604"]
[TimeControl "180+1"]
[EndTime "10:06:59 PDT"]
[Termination "doons21 won by resignation"]

1. Nf3 Nf6 2. g3 g6 3. Bg2 Bg7 4. O-O O-O 5. c4 d6 6. Nc3 c6 7.
Rb1 a5 8. a3 d5 9. d3 dxc4 10.
dxc4 Bf5 11. Ra1 Ne4 12. Nxe4 Bxe4 13. Qb3 Qc8 14. Be3 Nd7 15. Rad1 a4 16. Qa2 Qc7 17. Rd2 Nf6 18. Rfd1 Qa5 19. c5 Nd5 20. Bd4 f6 21. Qc4 Kh8 22. Bc3 Nxc3 23. bxc3 Bd5 24.
Qb4 Qxb4 25. cxb4 e5 26. Ne1 Bb3 27. Rc1 Rfd8 28. Nd3 f5 29. e4 Bh6 30. f4 exf4 31. gxf4 Bxf4 32. Nxf4 Rxd2 33. exf5 gxf5 34. Re1 Rg8 35.
Re7 Bd5 36. Nxd5 cxd5 37. Kh1 Rgxg2 38. h4 Rge2 0-1

[Event "*** SCC Grand Prix: Titled Tuesday Blitz"]
[Site "Chess.com"]
[Date "2020.10.06"]
[Round "1"]
[White "Indianlad"]
[Black "pastouche06"]
[Result "0-1"]
[WhiteElo "2929"]
[BlackElo "2479"]
[TimeControl "180+1"]
[EndTime "10:07:00 PDT"]
[Termination "pastouche06 won by resignation"]

1. Nf3 d5 2. g3 Nf6 3. Bg2 c5 4. O-O Nc6 5. d4 cxd4 6. Nxd4 e5 7. Nxc6 bxc6 8. c4 Be6 9. Nc3 Rc8 10. Bg5 d4 11. Ne4 Be7 12. Bxf6 gxf6 13. Rc1 f5 14.
Nd2 c5 15. Qb3 O-O 16. Bd5 Qb6 17. Qf3 e4 18. Qf4 Qd6 19. Qh6 Qe5 20. f4 Qf6 21. Qxf6 Bxf6 22. g4 e3 23. Nf3 fxg4 24. Bxe6 fxe6 25.
Ne1 e5 26. Nd3 e4 27. Ne1 Rcd8 28. Ng2 d3 29. b3 dxe2 30. Rfe1 Rd2 31. a3 Bb2 32. Rb1 Bxa3 33. Nxe3 Rxf4 34. Nd5 Rf3 35. Ra1 Bb2 36. Rab1 Bd4+ 37. Kg2 h5 38. b4 h4 39.
h3 gxh3+ 40. Kh2 Be5+ 41. Kh1 Bg3 0-1

[Event "*** SCC Grand Prix: Titled Tuesday Blitz"]
[Site "Chess.com"]
[Date "2020.10.06"]
[Round "1"]
[White "andresgv36"]
[Black "bgfbfbgfbgfgf"]
[Result "0-1"]
[WhiteElo "2409"]
[BlackElo "2801"]
[TimeControl "180+1"]
[EndTime "10:07:00 PDT"]
[Termination "bgfbfbgfbgfgf won by checkmate"]

1. d4 Nf6 2. Bf4 g6 3. Nc3 d5 4. e3 Bg7 5. h4 c5 6. Nb5 Na6 7. c3 Bf5 8. Nf3 O-O 9. Ne5 h5 10. a4 Nd7 11. Bd3 Nxe5 12. Bxe5 Bxe5 13. dxe5 Bxd3 14. Qxd3 e6 15. Ke2 Kg7 16. g4 hxg4 17.
Rag1 Rh8 18. Rxg4 Rh5 19. f4 Qe7 20. Nd6 Rah8 21. Rhg1 Rxh4 22. Rxg6+ fxg6 23. Qxg6+ Kf8 24. f5 Rh2+ 25. Kd3 c4+ 26. Kd4 Rd2# 0-1

[Event "*** SCC Grand Prix: Titled Tuesday Blitz"]
[Site "Chess.com"]
[Date "2020.10.06"]
[Round "1"]
[White "Chesstrainer1"]
[Black "Gabrielian_Artur"]
[Result "0-1"]
[WhiteElo "2386"]
[BlackElo "2745"]
[TimeControl "180+1"]
[EndTime "10:07:01 PDT"]
[Termination "Gabrielian_Artur won on time"]

1. Nf3 Nf6 2. c4 g6 3. Nc3 Bg7 4. e4 O-O 5. d4 d6 6. Be2 e5 7. d5 Na6 8. Nd2 Nd7 9. h4 f5 10. h5 f4 11. hxg6 hxg6 12. Bg4 Nf6 13. Bxc8 Qxc8 14.
Nf3 Qg4 15. Qe2 c6 16. Bd2 cxd5 17. cxd5 Rac8 18. Rh4 Qd7 19. Ng5 Nc5 20. b4 Na4 21.
Nxa4 Qxa4 22. Ne6 Rfe8 23. g3 Qc2 24. f3 fxg3 25. Nxg7 Kxg7 26. Kf1 Nh5 27. Rxh5 gxh5 28. Qe3 Kf7 29. Rc1 g2+ 30. Kg1 Qb2 0-1

[Event "*** SCC Grand Prix: Titled Tuesday Blitz"]
[Site "Chess.com"]
[Date "2020.10.06"]
[Round "1"]
[White "Beltraxtor"]
[Black "Matols"]
[Result "1-0"]
[WhiteElo "2581"]
[BlackElo "2273"]
[TimeControl "180+1"]
[EndTime "10:07:03 PDT"]
[Termination "Beltraxtor won on time"]

1. e4 e6 2. d4 d5 3. Nc3 Nf6 4. Bg5 Bb4 5. e5 h6 6. Bd2 Bxc3 7. bxc3 Ne4 8. Bc1 c5 9. Ne2 Nc6 10. f3 Ng5 11. h4 Nh7 12. Kf2 O-O 13. Nf4 cxd4 14.
cxd4 f6 15. Ng6 Rf7 16. Be3 fxe5 17. dxe5 Bd7 18. Bd3 Qc7 19. Bf4 Qb6+ 20. Kg3 Nf8 21. Rb1 Qd4 22. Qd2 b6 23. Be3 Qa4 24. f4 h5 25. Qe2 Nxg6 26. Bxg6 Rf5 27. Bxf5 exf5 28.
Qd3 d4 29. Bd2 Rc8 30. c3 Be6 31. cxd4 Nxd4 32. Rhc1 1-0

[Event "*** SCC Grand Prix: Titled Tuesday Blitz"]
[Site "Chess.com"]
[Date "2020.10.06"]
[Round "1"]
[White "Gusarov91"]
[Black "GM4life"]
[Result "1-0"]
[WhiteElo "2579"]
[BlackElo "2271"]
[TimeControl "180+1"]
[EndTime "10:07:04 PDT"]
[Termination "Gusarov91 won by resignation"]

1. d4 Nf6 2. Nf3 d5 3. c4 e6 4.
g3 Be7 5. Bg2 O-O 6. O-O dxc4 7.
Na3 Bxa3 8. bxa3 c5 9. dxc5 Na6 10. Qa4 Qd5 11. c6 Nc5 12. Qb4 a5 13. Qb5 bxc6 14.
Qb2 Ba6 15. Be3 Nce4 16. Nd4 c3 17. Qc2 c5 18. Nb3 Rfc8 19. Nxc5 Rxc5 20. Bxc5 Rc8 21. Be3 Qc4 22. Rfc1 h6 23. Rab1 Rd8 24. Rd1 Nd2 25. Bxd2 cxd2 26. Rxd2 Rxd2 27. Qxd2 Qxe2 28. Qxe2 Bxe2 29.
Rb8+ Kh7 30. Ra8 Bc4 31. Rxa5 Bxa2 32. Ra7 Kg6 33. a4 Bc4 34. a5 Nd5 35. Bf1 Bb3 36. a6 Nb4 37. Rb7 Nxa6 38. Bd3+ f5 39. Bxa6 Bd5 40.
Rb6 Kf6 41. Bb7 Ba2 42. f4 g5 43. Kf2 Bc4 44. Ke3 Ke7 45. Bf3 Ba2 46. Ra6 Bc4 47.
Rc6 Bb3 48. Kd4 Ba2 49. Ke5 Kf7 50. Rc7+ Kg6 51. h4 g4 52. Bc6 h5 53. Be8+ Kh6 54. Kf6 Bb1 55. Rf7 e5 56. Rf8 Kh7 57. Bg6+ 1-0

[Event "*** SCC Grand Prix: Titled Tuesday Blitz"]
[Site "Chess.com"]
[Date "2020.10.06"]
[Round "1"]
[White "Kavyev_Ruslan"]
[Black "stefy02"]
[Result "1-0"]
[WhiteElo "2562"]
[BlackElo "2249"]
[TimeControl "180+1"]
[EndTime "10:07:04 PDT"]
[Termination "Kavyev_Ruslan won on time"]

1. d4 Nf6 2. c4 e6 3. Nf3 Bb4+ 4.
Nbd2 O-O 5. a3 Bxd2+ 6. Qxd2 b6 7. b4 Bb7 8. e3 d6 9. Bb2 Ne4 10. Qc2 Nd7 11. Be2 Ndf6 12. O-O d5 13. Rac1 c6 14.
Rfd1 Rc8 15. Ne5 Qd6 16. Qa4 dxc4 17. Qxa7 Qc7 18. Nxc4 b5 19. Na5 Nd6 20. Qc5 Nfe4 21. Qc2 Ba8 22. Bd3 f5 23. Qe2 Nf6 24. Qc2 Nfe4 25. Qb3 Qe7 26. Rc2 Ng5 27. Rdc1 c5 28. dxc5 Nde4 29. c6 f4 30. Bxb5 f3 31. g3 Nh3+ 32. Kf1 Nhxf2 33. Rxf2 Nxf2 34. Kxf2 Rf5 35. Bc4 Kf7 36. Qc3 Rg8 37. Rd1 Bxc6 38. Nxc6 Qc7 39. b5 Rh5 40. h4 1-0

[Event "*** SCC Grand Prix: Titled Tuesday Blitz"]
[Site "Chess.com"]
[Date "2020.10.06"]
[Round "1"]
[White "UmarovSabir"]
[Black "ENajer77"]
[Result "0-1"]
[WhiteElo "2370"]
[BlackElo "2709"]
[TimeControl "180+1"]
[EndTime "10:07:07 PDT"]
[Termination "ENajer77 won on time"]

1. e4 c6 2. d4 d5 3. Bd3 dxe4 4. Bxe4 Nf6 5. Bf3 g6 6. Ne2 Bg7 7. O-O O-O 8. Nd2 Nbd7 9. Nc4 Nb6 10. Ne5 Nfd7 11.
Ng4 h5 12. Ne3 e5 13. d5 Nf6 14. Nc3 Bd7 15. dxc6 Bxc6 16. Bxc6 bxc6 17. Qe2 Nbd5 18. Bd2 Nf4 19. Qe1 Qd7 20. Rd1 Qe6 21. b3 Rfe8 22. Nc4 Rad8 23. Bxf4 exf4 24. Qxe6 fxe6 25. Rxd8 Rxd8 26.
Ne5 Rd2 27. Na4 Ne4 28. Nxg6 Bd4 29. Nxf4 Nxf2 30. Nxe6 Be3 31. h3 Nxh3+ 32. Kh2 Nf2 33. Re1 Rxc2 0-1

[Event "*** SCC Grand Prix: Titled Tuesday Blitz"]
[Site "Chess.com"]
[Date "2020.10.06"]
[Round "1"]
[White "Skatchkov_V"]
[Black "semchik73"]
[Result "0-1"]
[WhiteElo "2589"]
[BlackElo "2312"]
[TimeControl "180+1"]
[EndTime "10:07:07 PDT"]
[Termination "semchik73 won by checkmate"]

1. d4 d5 2. c4 c6 3. Nf3 Nf6 4. e3 g6 5. b3 Bg7 6. Bb2 O-O 7. Bd3 b6 8. O-O Bb7 9. Ne5 Nbd7 10. f4 c5 11. Nd2 cxd4 12. exd4 Rc8 13. Qe2 Nxe5 14. fxe5 Nd7 15. Rae1 e6 16. Rf3 dxc4 17. Nxc4 Bxf3 18. Qxf3 Qc7 19. Nd6 Rcd8 20. Rc1 Qb8 21. Bb5 Nxe5 22. dxe5 Rxd6 23. exd6 Bxb2 24. Rd1 Be5 25.
Qc6 Rd8 26. d7 Bxh2+ 27. Kh1 Qc7 28. Qf3 Qg3 29. Qf6 Qc7 30. Rf1 Rf8 31. Qe7 Bd6 32. Qe8 Qd8 33. Rxf7 Qh4+ 34. Kg1 Qe1+ 35. Rf1 Bc5+ 36. Kh2 Qh4# 0-1

[Event "*** SCC Grand Prix: Titled Tuesday Blitz"]
[Site "Chess.com"]
[Date "2020.10.06"]
[Round "1"]
[White "teacher4chess"]
[Black "Gerodot71"]
[Result "0-1"]
[WhiteElo "2001"]
[BlackElo "2486"]
[TimeControl "180+1"]
[EndTime "10:07:09 PDT"]
[Termination "Gerodot71 won on time"]

1. d4 Nf6 2. c4 e6 3. a3 d5 4. Nc3 Be7 5. Bg5 O-O 6. e3 h6 7.
Bh4 Nbd7 8. Qc2 b6 9. cxd5 exd5 10. Bd3 Bb7 11. Nge2 c5 12. O-O Re8 13. dxc5 bxc5 14. Bb5 Rc8 15. Rad1 a6 16. Bxf6 Bxf6 17. Bxd7 Qxd7 18.
Qa4 Qf5 19. Ng3 Qe6 20. Qc2 d4 21. Na4 Qc6 22. f3 Rxe3 23. Ne4 Be7 24. Rf2 Qg6 25. b3 Qh5 26. Nb6 Rc7 27. Nc4 Bxe4 28. fxe4 Rxe4 29. Rdf1 Re6 30. Rxf7 Qxf7 31. Rxf7 Kxf7 32. Qf5+ Bf6 33. Qd5 Re7 34. Nd6+ Kg8 0-1

[Event "*** SCC Grand Prix: Titled Tuesday Blitz"]
[Site "Chess.com"]
[Date "2020.10.06"]
[Round "1"]
[White "vladislavkovalev"]
[Black "killer311"]
[Result "1-0"]
[WhiteElo "2871"]
[BlackElo "2445"]
[TimeControl "180+1"]
[EndTime "10:07:10 PDT"]
[Termination "vladislavkovalev won by resignation"]

1. e4 c6 2. Nf3 d5 3. Nc3 dxe4 4. Nxe4 Nf6 5. Qe2 Nxe4 6. Qxe4 Qa5 7. Bc4 Bf5 8. Qf4 e6 9. c3 Nd7 10. d4 Be7 11. O-O O-O 12. a4 Nf6 13. h3 Rad8 14. Re1 Bd6 15. Qh4 Qc7 16. b4 Nd5 17. Bd2 Be7 18. Qg3 Qxg3 19. fxg3 Bd6 20. g4 Bg6 21. Ne5 Bxe5 22. Rxe5 Nxb4 23. Bg5 Nc2 24. Bxd8 Nxa1 25. Bc7 Nc2 26. a5 Rc8 27. Bd6 b6 28. axb6 axb6 29. Rxe6 b5 30. Ba2 Ra8 31. Re2 h5 32. Bb3 Na1 33.
Bd1 hxg4 34. hxg4 f5 35. gxf5 Bxf5 36. Re7 Nc2 37. Bf3 Ra1+ 38. Kh2 b4 39. Bxb4 Nxb4 40.
cxb4 Rc1 41. d5 cxd5 42. Bxd5+ Kh7 43. b5 Rb1 44. Rb7 Kh6 45. b6 g5 46. Rb8 Kh5 47.
b7 Kg4 48. Rf8 1-0

[Event "*** SCC Grand Prix: Titled Tuesday Blitz"]
[Site "Chess.com"]
[Date "2020.10.06"]
[Round "1"]
[White "GM_Levan_Pantsulaia"]
[Black "Kassimov_B"]
[Result "1-0"]
[WhiteElo "2799"]
[BlackElo "2406"]
[TimeControl "180+1"]
[EndTime "10:07:10 PDT"]
[Termination "GM_Levan_Pantsulaia won by resignation"]

1. Nf3 Nf6 2. g3 g6 3. b3 Bg7 4.
Bb2 O-O 5. Bg2 d6 6. d4 Ne4 7. O-O c5 8. c4 Nc6 9. Nbd2 Nxd2 10. Qxd2 cxd4 11. Nxd4 Bd7 12. Nb5 a6 13. Bxg7 Kxg7 14.
Nc3 Qa5 15. a3 Rac8 16. b4 Qh5 17. Rfd1 Bh3 18. Bh1 Be6 19. Nd5 Bxd5 20. cxd5 Ne5 21. Rac1 b5 22. f4 Nc4 23. Qd4+ Kg8 24. Bf3 Qf5 25. a4 Qf6 26. a5 Na3 27. Rc6 Qf5 28. Rxa6 Rc2 29. Rc6 Nc4 30. Be4 1-0

[Event "*** SCC Grand Prix: Titled Tuesday Blitz"]
[Site "Chess.com"]
[Date "2020.10.06"]
[Round "1"]
[White "reutik"]
[Black "ehrenfeld"]
[Result "1-0"]
[WhiteElo "2182"]
[BlackElo "2515"]
[TimeControl "180+1"]
[EndTime "10:07:11 PDT"]
[Termination "reutik won on time"]

1. d4 Nf6 2. c4 e6 3. Nf3 Bb4+ 4. Bd2 a5 5. Nc3 b6 6. g3 Ba6 7. b3 d5 8. cxd5 exd5 9. Bg2 O-O 10. Ne5 c5 11. a3 cxd4 12. axb4 dxc3 13. Bxc3 axb4 14.
Bxb4 Re8 15. f4 Nbd7 16. Bc3 Nxe5 17. Bxe5 Ne4 18. Bxe4 dxe4 19. Qxd8 Rexd8 20. Kf2 f6 21. Bc3 Bb7 22. Ke3 Kf7 23. Rxa8 Rxa8 24. Ra1 Ke6 25. Rxa8 Bxa8 26. Bd4 b5 27. g4 Kd5 28. b4 Bc6 29.
Bc5 Bd7 30. f5 g6 31. fxg6 hxg6 32. h3 f5 33. gxf5 Bxf5 34. h4 Kc4 35. Kf4 Bd7 36.
Kxe4 Bf5+ 37. Kf4 Bc2 38. e4 Bd3 39. Bf8 1-0

[Event "*** SCC Grand Prix: Titled Tuesday Blitz"]
[Site "Chess.com"]
[Date "2020.10.06"]
[Round "1"]
[White "fireheart92"]
[Black "LedakovAlexandr"]
[Result "1-0"]
[WhiteElo "2863"]
[BlackElo "2439"]
[TimeControl "180+1"]
[EndTime "10:07:13 PDT"]
[Termination "fireheart92 won on time"]

1. d4 Nc6 2. Nf3 d6 3. e4 g6 4.
Nc3 Bg7 5. h3 Nf6 6. Bb5 O-O 7.
O-O Nd7 8. Re1 e5 9. dxe5 Ncxe5 10. Nxe5 dxe5 11. Be3 c6 12. Bf1 Qe7 13. Qd2 Nc5 14.
Rad1 Ne6 15. Ne2 Rd8 16. Qc3 Nd4 17. Nxd4 exd4 18. Rxd4 Be6 19. e5 Bxa2 20. Rxd8+ Rxd8 21. Bc5 Qc7 22. b3 b6 23. Ba3 Re8 24. f4 g5 25. Bc1 b5 26. Kh1 Qb6 27. Be3 b4 28.
Qb2 Qa5 29. Ra1 gxf4 30. Bxf4 Bxe5 31. Bxe5 Rxe5 32. Qxa2 Qd5 33. Qxa7 1-0